 Dungeon Crawl Stone Soup version 0.28-a0-687-gb91baff9cc (webtiles) character file.

Game seed: 13706917547575087119

93 Gwenloh the Chopper (level 4, -5/41 HPs)
             Began as a Hill Orc Cinder Acolyte on Oct 19, 2021.
             Was a High Priest of Ignis.
             Slain by Crazy Yiuf (7 damage)
             ... on level 2 of the Dungeon.
             The game lasted 00:08:18 (3141 turns).

Gwenloh the Chopper (Hill Orc Cinder Acolyte)       Turns: 3141, Time: 00:08:19

Health: -5/41      AC:  7    Str: 16    XL:     4   Next: 62%
Magic:  0/5        EV: 11    Int: 14    God:    Ignis [*****.]
Gold:   59         SH:  0    Dex: 11    Spells: 3/5 levels left

rFire   + . .      SeeInvis .   a - -1 hand axe (flame)
rCold   . . .      Faith    .   (no shield)
rNeg    . . .      Spirit   .   d - +0 leather armour
rPois   .          Reflect  .   k - +2 helmet of Poykh {Dex+4 Stlth-}
rElec   .          Harm     .   (no cloak)
rCorr   .          Rampage  .   (no gloves)
Will    .....                   h - +0 pair of boots
Stlth   ..........              (no amulet)
HPRegen 0.13/turn               (no ring)
MPRegen 0.09/turn               (no ring)

@: very slightly contaminated
A: no striking features
a: Renounce Religion, Sea of Fire, Foxfire Swarm, Rising Flame


You were on level 2 of the Dungeon.
You worshipped Ignis.
Ignis was extremely pleased with you.
You visited 1 branch of the dungeon, and saw 2 of its levels.

You collected 59 gold pieces.

Inventory:

Hand Weapons
 a - a -1 hand axe of flaming (weapon)
 b - a +0 hunting sling
Missiles
 n - 23 stones (quivered)
Armour
 d - a +0 leather armour (worn)
 h - a +0 pair of boots (worn)
 k - the +2 helmet of Poykh (worn) {Dex+4 Stlth-}
   (You took it off Robin on level 1 of the Dungeon)

   Dex:       It affects your dexterity (+4).
   Stlth:     It makes you less stealthy.
Scrolls
 e - a scroll of enchant armour {unknown}
 j - 2 scrolls of magic mapping {unknown}
 m - 2 scrolls of identify {unknown}
Potions
 c - a potion of brilliance {unknown}
 f - 2 potions of might {unknown}
 g - 2 potions of heal wounds
 i - a potion of curing {unknown}
 l - a potion of haste {unknown}
 o - a potion of invisibility {unknown}


   Skills:
 + Level 4.4 Fighting
 + Level 4.9 Axes
 + Level 1.8 Armour
 - Level 1.1 Spellcasting
 + Level 4.0 Fire Magic


You had 3 spell levels left.
You knew the following spells:

 Your Spells              Type           Power      Damage    Failure   Level
a - Scorch                Fire           24%        2d6       10%         2

Your spell library contained the following spells:

 Spells                   Type           Power      Damage    Failure   Level


Dungeon Overview and Level Annotations

Branches:
Dungeon (2/15)

Altars:

Annotations:
D:2 Crazy Yiuf


Message History

You hit Crazy Yiuf but do no damage.
Crazy Yiuf hits you with a +2 quarterstaff of chaos.
You are poisoned.
You hit Crazy Yiuf. You burn Crazy Yiuf.
Crazy Yiuf is lightly wounded.
You feel sick. Crazy Yiuf completely misses you.
You feel sick.
You feel sick.
Crazy Yiuf is no longer more vulnerable to fire.
You feel sick.
You feel sick.
You feel sick.
Crazy Yiuf screams, "Aardvark hog turtle!"
Casting: Scorch (safe; 10% risk of failure)
Confirm with . or Enter, or press ? or * to list all spells.
You miscast Scorch.
You are very lightly contaminated with residual magic.
Nothing appears to happen.
You feel sick.
You are no longer poisoned.
Crazy Yiuf hits you with a +2 quarterstaff of chaos!
You resist with some effort. Fires begin to smoulder around you!
Crazy Yiuf hits you with a +2 quarterstaff of chaos.
* * * LOW HITPOINT WARNING * * *
The fire ignites! x15; You smother the flame.
The fire ignites! x8
Really walk into that cloud of flame? [Y]es or [N]o only, please.
Really walk into that cloud of flame? [Y]es or [N]o only, please.
Really walk into that cloud of flame?
Okay, then.
You closely miss Crazy Yiuf.
Crazy Yiuf is lightly wounded.
Crazy Yiuf hits you with a +2 quarterstaff of chaos!
* * * LOW HITPOINT WARNING * * *
Crazy Yiuf draws strength from your wounds!
You barely miss Crazy Yiuf.
Crazy Yiuf laughs, "Action sow ragdoll!"
Crazy Yiuf hits you with a +2 quarterstaff of chaos!
You die...

#######.####......#...'....
#.÷...............#...###..
#.#####.############### #..
#.# #÷# #.. #.# #.# ### #.#
#§###♣♣ ### #.# #○§☼§§♣♣
♣♣#..)# #.#
#§§§§§§♣♣♣♣.'...# #.#
#§§§@g.§♣..♣#...# ### #.#
#§§§§§§♣§♣♣♣ ### #). #.#
#####♣♣♣♣♣ ### #<# # ### #
# # # #


You could see Crazy Yiuf.

Vanquished Creatures
  Robin (D:1)
  An adder (D:2)
  3 dart slugs
  4 endoplasms
  5 giant cockroaches
  10 hobgoblins
  5 quokkas
  5 ball pythons
  6 bats
  A frilled lizard (D:2)
  12 goblins
  6 kobolds
  2 rats (D:1)
61 creatures vanquished.

Notes
Turn   | Place    | Note
-------+----------+-------------------------------------------
     0 | D:1      | Gwenloh the Hill Orc Cinder Acolyte began the quest for the
                  | Orb.
     0 | D:1      | Reached XP level 1. HP: 19/19 MP: 2/2
   277 | D:1      | Reached XP level 2. HP: 22/27 MP: 3/3
   294 | D:1      | Learned a level 2 spell: Scorch
   840 | D:1      | Found a faded altar of an unknown god.
  1122 | D:1      | Reached XP level 3. HP: 32/33 MP: 1/4
  1344 | D:2      | Reached skill level 1 in Armour
  1895 | D:2      | Reached XP level 4. HP: 40/40 MP: 2/5
  1937 | D:2      | Identified the +2 helmet of Poykh {Dex+4 Stlth-}
  1937 | D:2      | Noticed Robin
  2142 | D:1      | Killed Robin
  2816 | D:2      | Found a runed translucent door.
  2817 | D:2      | Noticed Crazy Yiuf
  3140 | D:2      | HP: 2/41 [Crazy Yiuf (7)]
  3141 | D:2      | Slain by Crazy Yiuf

Illustrated notes

Levels and vault maps discovered:
D:1:      dpeg_arrival_simpleton_b, layout_loops_cross,
          chequers_ecumenical_altar_island
D:2:      layout_basic, uniq_crazy_yiuf_cottage, uniq_robin

Skill      XL: |  1  2  3  4 |
---------------+-------------+-----
Fighting       | 4 |  4.4
Armour         | 1 |  1.8
Fire Magic     | 4 |  4.0
Axes           | |  4.9
Spellcasting   | |  1.1

Action                   |  1- 3 |  4- 6 || total
-------------------------+-------+-------++-------
Melee: Hand axe          |    52 |    31 ||    83
 Fire: Hunting sling     |       |     7 ||     7
Throw: Stone             |     4 |       ||     4
 Cast: Scorch            |    28 |    17 ||    45
Invok: Sea of Fire       |       |     1 ||     1
Armor: Robe              |     5 |       ||     5
       Leather armour    |    13 |    14 ||    27
Dodge: Dodged            |    31 |    29 ||    60

Table legend: (Time is in decaauts)
 A = Elapsed time spent in this place.
 B = Non-inter-level travel time spent in this place.
 C = Inter-level travel time spent in this place.
 D = Time resting spent in this place.
 E = Time spent auto-exploring this place.
 F = Levels seen in this place.
 G = Mean time per level.
                   A        B        C        D        E       F      G
               +--------+--------+--------+--------+--------+-----+--------+
         Total |   3151 |   3131 |     20 |    202 |   2392 |   2 | 1575.5 |
       Dungeon |   3151 |   3131 |     20 |    202 |   2392 |   2 | 1575.5 |
               +--------+--------+--------+--------+--------+-----+--------+

Top non-repeatable levels by time:
     D:1: 1590 daAuts
     D:2: 1561 daAuts
